Map: Pillars of Gold LE

Players

BlyOnFire (Bly) - Winner!

  • Race: Zerg Zerg
  • Spawn Location: 1:00

GunGFuBanDa

  • Race: Protoss Protoss
  • League: Master
  • Spawn Location: 7:00

Event: DreamHack SC2 Masters 2020 Summer Europe

VOD

Have the link to the VOD?

Description

Time

  • Played on: July 2, 2020, 1:48 p.m.
  • Length: 31:19

All games in this series

Show
View Real Time Build Order
Export as new Build Order

BlyOnFire Zerg - Winner!

Build Orders: 3 Hatch before Pool, Brood Lord Corruptor 

Get SALT Encoding   

  12  0:01  Drone  
  13  0:12  Overlord  
  13  0:18  Drone  
  14  0:30  Drone x2  
  16  0:50  Drone  
  16  0:55  Drone  
  18  1:05  Hatchery  
  17  1:12  Drone  
  18  1:31  Hatchery  
  18  1:32  Drone x2  
  19  1:37  Extractor  
  18  1:50  Spawning Pool  
  17  1:56  Drone x2  
  17  1:59  Drone  
  20  2:14  Overlord  
  20  2:22  Drone  
  21  2:37  Queen  
  21  2:38  Zergling x2  
  21  2:40  Zergling x4  
  27  2:49  Metabolic Boost, Zergling x4  
  27  3:02  Queen  
  29  3:10  Drone x2  
  29  3:11  Drone x2  
  32  3:18  Drone  
  32  3:19  Drone  
  34  3:32  Hatchery  
  33  3:36  Drone x2  
  35  3:45  Drone  
  36  3:52  Overlord  
  36  4:00  Overlord  
  36  4:10  Queen  
  36  4:14  Drone x6  
  44  4:18  Overlord, Queen  
  46  4:26  Overlord  
  46  4:34  Overlord x2  
  46  4:36  Overlord  
  47  4:45  Zergling x4  
  47  4:46  Zergling x6  
  51  4:54  Zergling x12  
  51  4:56  Overlord  
  57  5:03  Evolution Chamber  
  53  5:08  Drone x3  
  53  5:13  Lair  
  57  5:19  Drone  
  57  5:20  Drone x2  
  60  5:23  Drone x3  
  63  5:36  Drone  
  63  5:37  Drone x4  
  63  5:39  Extractor  
  63  5:40  Roach Warren, Extractor  
  65  5:49  Spore Crawler  
  64  5:53  Spore Crawler  
  64  5:54  Spore Crawler  
  61  5:59  Zergling x18  
  70  6:11  Overlord  
  70  6:20  Roach  
  70  6:21  Roach x7  
  70  6:23  Overseer  
  86  6:33  Drone x2  
  86  6:34  Glial Reconstitution, Drone x3  
  86  6:37  Spore Crawler  
  86  6:39  Overlord  
  88  6:47  Drone x5  
  88  6:50  Drone  
  94  6:55  Queen  
  94  7:02  Spore Crawler, Queen  
  94  7:06  Drone x2  
  97  7:13  Drone x5  
  97  7:15  Overlord  
  103  7:22  Extractor, Spire  
  101  7:27  Overlord x2  
  101  7:34  Overlord  
  101  7:36  Overlord  
  100  7:38  Overlord  
  100  7:39  Extractor  
  100  7:41  Extractor  
  98  7:44  Spore Crawler x2  
  98  7:50  Drone x3  
  96  7:56  Drone x8  
  99  8:01  Overlord  
  97  8:18  Drone x2  
  97  8:19  Drone  
  100  8:20  Drone x3  
  96  8:35  Drone  
  96  8:40  Corruptor x8  
  109  8:49  Drone x3  
  112  8:57  Drone x2  
  112  8:58  Drone x2  
  112  8:59  Drone  
  117  9:05  Hatchery  
  117  9:09  Drone  
  117  9:10  Evolution Chamber, Drone x3, Baneling Nest  
  117  9:12  Overseer  
  118  9:25  Drone x2  
  118  9:26  Overlord  
  120  9:34  Roach x9  
  138  9:38  Zerg Melee Weapons Level 1  
  138  9:57  Drone x3  
  136  10:05  Drone x8  
  138  10:19  Overlord  
  129  10:32  Overseer  
  129  10:33  Centrifical Hooks, Drone x3  
  129  10:35  Ravager x4  
  136  10:36  Baneling x6  
  136  10:37  Baneling x5  
  136  10:41  Zergling x14  
  143  10:44  Spore Crawler  
  143  10:49  Zergling x12  
  147  11:01  Baneling x7, Infestation Pit  
  147  11:03  Corruptor x3  
  152  11:14  Drone x3  
  152  11:15  Spine Crawler  
  154  11:24  Zergling x12  
  154  11:25  Zergling x8  
  164  11:26  Baneling x21  
  153  11:41  Roach x3  
  153  11:42  Roach x4  
  166  11:52  Overlord x2  
  164  12:11  Overlord  
  164  12:12  Hatchery  
  164  12:15  Hatchery  
  156  12:22  Hive  
  156  12:23  Drone  
  156  12:29  Zergling x2  
  157  12:30  Zergling x22  
  157  12:31  Baneling x3  
  157  12:33  Baneling x2  
  163  12:46  Drone x7  
  170  13:07  Zerg Melee Weapons Level 2  
  169  13:17  Overlord  
  162  13:36  Greater Spire  
  162  13:41  Drone x11  
  170  13:54  Infestor x2  
  166  14:06  Corruptor x3  
  166  14:07  Corruptor x3  
  166  14:45  Baneling x6  
  166  14:46  Baneling x3  
  166  14:51  Brood Lord x8  
  182  14:55  Drone x4, Extractor x2  
  182  14:56  Zergling x32  
  193  15:14  Zergling x14  
  198  15:24  Baneling x12  
  198  15:27  Zergling x4  
  183  15:54  Zergling x30  
  194  16:00  Zerg Melee Weapons Level 3  
  194  16:01  Adrenal Glands  
  194  16:02  Drone  
  189  16:21  Brood Lord x3  
  192  16:28  Zergling x24  
  188  16:41  Spine Crawler x2  
  188  16:42  Spine Crawler  
  188  16:43  Spine Crawler  
  188  16:44  Hatchery, Spine Crawler  
  188  16:46  Corruptor x4  
  188  17:02  Zergling x16  
  196  17:15  Hatchery  
  180  17:36  Baneling x4  
  170  17:39  Corruptor x9  
  170  17:41  Brood Lord x2  
  185  17:44  Zergling x6  
  185  17:50  Spire  
  185  17:55  Zergling x8  
  185  18:09  Spine Crawler  
  185  18:10  Extractor  
  185  18:12  Spine Crawler  
  182  18:14  Zergling x20  
  192  18:21  Drone  
  192  18:33  Overseer  
  192  18:34  Overseer x2  
  158  19:05  Corruptor x6  
  158  19:06  Corruptor x4  
  165  19:19  Corruptor x3  
  171  19:25  Overseer  
  171  19:40  Corruptor x3  
  178  19:45  Ravager  
  178  19:46  Ravager x2  
  179  19:56  Baneling x5  
  179  20:05  Baneling x4  
  177  20:18  Zergling x24  
  177  20:19  Overseer  
  177  20:21  Hatchery  
  187  20:28  Viper  
  187  20:29  Overlord x2  
  187  20:31  Overseer  
  164  21:10  Infestor x2  
  156  21:13  Zergling x12  
  156  21:14  Zergling x8  
  166  21:30  Roach x4  
  172  21:40  Baneling  
  172  21:51  Roach x8  
  128  22:35  Spire  
  116  22:39  Zergling x18  
  119  22:50  Zergling x6  
  114  23:04  Drone x2  
  114  23:05  Drone x4  
  120  23:29  Infestor x4  
  127  23:34  Neural Parasite  
  125  23:51  Drone  
  125  23:52  Drone x2  
  128  24:07  Drone  
  128  24:09  Drone x3  
  132  24:38  Hatchery  
  132  24:42  Zergling x24  
  132  24:43  Extractor  
  142  24:45  Extractor  
  141  25:16  Spine Crawler x2  
  141  25:17  Spine Crawler  
  141  25:18  Spine Crawler  
  141  25:20  Baneling x7  
  141  25:21  Baneling  
  137  25:24  Baneling x5  
  137  25:30  Hatchery  
  132  25:45  Corruptor x4  
  139  25:55  Corruptor  
  141  26:01  Burrow  
  134  26:30  Zergling x2  
  134  26:31  Zergling x24  
  147  26:50  Drone  
  147  26:51  Drone x7  
  146  27:13  Corruptor  
  146  27:14  Corruptor x2  
  148  27:20  Drone x2  
  150  27:34  Drone x7  
  153  28:05  Overseer  
  153  28:06  Corruptor x5  
  155  28:29  Zerg Flyer Armor Level 1  
  155  28:42  Infestor  
  155  28:43  Infestor x4  
  155  28:45  Zergling x8  
  169  28:51  Hatchery  
  168  29:06  Zergling x14  
  175  29:13  Hatchery  
  173  29:25  Roach  
  172  29:43  Baneling x4  
  172  29:50  Drone x3  
  172  29:51  Spore Crawler  
  174  29:55  Corruptor x3  
  167  30:32  Overlord  
  163  30:36  Corruptor x5  
  173  30:45  Overlord x2  
  176  31:06  Spore Crawler, Spine Crawler  
Show
View Real Time Build Order
Export as new Build Order

GunGFuBanDa Protoss 

Build Orders:  

Get SALT Encoding   

  12  0:00  Probe  
  13  0:12  Probe  
  14  0:17  Pylon  
  14  0:22  Probe  
  15  0:31  Probe  
  15  0:40  Gateway, Probe  
  17  0:51  Assimilator  
  17  0:52  Probe  
  18  1:00  Pylon  
  18  1:08  Probe  
  19  1:22  Zealot  
  19  1:28  Gateway  
  21  1:33  Cybernetics Core  
  21  1:34  Probe  
  22  1:46  Assimilator, Probe  
  23  1:48  Zealot  
  25  2:00  Pylon  
  25  2:04  Probe  
  25  2:06  Adept  
  26  2:09  Warp Gate  
  26  2:21  Stalker  
  30  2:27  Probe  
  31  2:46  Probe  
  31  2:50  Pylon  
  32  2:55  Robotics Facility  
  32  3:02  Probe  
  33  3:25  Nexus  
  33  3:32  Probe  
  33  3:33  Warp Prism  
  34  3:47  Probe  
  37  3:59  Sentry, Pylon  
  39  4:14  Observer  
  39  4:17  Probe  
  39  4:18  Sentry  
  43  4:29  Probe  
  44  4:31  Immortal  
  44  4:37  Probe  
  48  4:41  Probe  
  48  4:42  Adept  
  48  4:44  Adept  
  54  4:48  Probe  
  55  4:57  Probe  
  56  5:00  Immortal  
  56  5:11  Pylon, Probe  
  61  5:15  Observer  
  61  5:16  Probe  
  61  5:19  Stargate  
  62  5:26  Stargate  
  62  5:35  Assimilator  
  62  5:44  Assimilator  
  62  5:46  Pylon  
  62  5:47  Protoss Air Weapons Level 1  
  62  6:03  Pylon  
  62  6:04  Probe x2  
  62  6:06  Phoenix  
  66  6:14  Phoenix  
  66  6:16  Probe x2  
  70  6:21  Pylon  
  70  6:26  Pylon  
  70  6:28  Probe x2  
  70  6:31  Phoenix  
  74  6:40  Probe x2  
  74  6:41  Phoenix  
  78  6:52  Probe x2  
  80  6:55  Phoenix  
  80  6:58  Phoenix  
  82  7:04  Probe  
  85  7:20  Phoenix, Pylon  
  87  7:23  Phoenix  
  87  7:27  Probe  
  87  7:28  Immortal  
  93  7:34  Pylon  
  93  7:39  Pylon  
  93  7:45  Phoenix  
  93  7:48  Phoenix  
  97  8:03  Twilight Council  
  97  8:04  Immortal, Pylon  
  97  8:07  Zealot  
  103  8:17  Probe  
  103  8:18  Probe  
  99  8:32  Nexus  
  99  8:36  Immortal  
  99  8:41  Pylon  
  101  8:49  Probe x2  
  101  8:54  Forge  
  103  8:56  Gateway  
  103  8:59  Shield Battery  
  103  9:00  Blink  
  103  9:01  Probe  
  103  9:02  Templar Archives  
  104  9:06  Adept x2  
  108  9:10  Gateway  
  108  9:11  Probe  
  108  9:12  Gateway, Protoss Ground Weapons Level 1  
  107  9:30  Probe  
  108  9:32  Pylon  
  108  9:36  Stalker x2  
  112  9:50  Probe x2  
  108  10:00  Stalker x3  
  108  10:04  Photon Cannon  
  112  10:10  Photon Cannon  
  112  10:15  Shield Battery  
  112  10:17  Stalker  
  112  10:19  Stalker  
  116  10:26  Stalker x2  
  120  10:31  Nexus  
  120  10:36  Probe x2  
  120  10:39  Assimilator  
  122  10:43  Assimilator  
  122  10:44  High Templar  
  122  10:45  Observer, High Templar  
  122  10:49  High Templar x2  
  130  10:50  Archon, Zealot  
  130  10:53  Archon  
  130  10:55  Probe  
  133  10:57  Protoss Ground Weapons Level 2  
  133  10:59  Pylon  
  133  11:17  Pylon  
  133  11:18  Pylon  
  133  11:24  Gateway  
  133  11:31  Gateway  
  120  11:33  Probe  
  120  11:38  High Templar  
  120  11:39  High Templar  
  118  11:40  Stalker x2, Zealot  
  118  11:41  Probe  
  118  11:43  Archon  
  125  11:54  Probe  
  123  11:58  Probe  
  123  11:59  Psionic Storm  
  123  12:00  Gateway  
  125  12:02  Probe  
  126  12:10  Probe  
  126  12:12  Probe  
  124  12:16  Stalker  
  124  12:17  Stalker  
  124  12:22  Probe  
  125  12:24  Probe  
  125  12:26  High Templar  
  125  12:27  Pylon  
  128  12:34  Shield Battery, Probe  
  128  12:36  Probe  
  130  12:41  Charge  
  130  12:42  High Templar  
  132  12:46  Probe  
  132  12:48  Probe  
  132  12:49  Gateway  
  132  12:51  Gateway  
  134  12:57  High Templar  
  134  12:58  Probe  
  137  13:00  Probe  
  137  13:02  Photon Cannon  
  138  13:06  High Templar  
  138  13:08  Zealot x4  
  147  13:18  Probe x2, Pylon  
  149  13:30  Probe  
  145  13:34  High Templar x2  
  145  13:35  Probe  
  145  13:40  Archon  
  150  13:42  Probe  
  150  13:45  Nexus  
  150  13:46  Pylon  
  151  13:53  Zealot  
  151  13:55  High Templar x2, Zealot x2  
  149  13:56  Zealot x2  
  149  13:59  Archon  
  159  14:04  Observer  
  158  14:10  Shield Battery  
  158  14:12  Zealot, High Templar x2, Pylon  
  164  14:17  Archon  
  160  14:25  Probe x2  
  160  14:26  Photon Cannon  
  162  14:33  High Templar x2  
  166  14:40  Warp Prism  
  166  14:45  Photon Cannon  
  168  14:57  Probe x2  
  168  14:58  Zealot  
  168  14:59  High Templar x3  
  178  15:00  High Templar, Zealot x3  
  178  15:03  Archon x2  
  186  15:14  Nexus  
  183  15:24  Zealot x3  
  181  15:37  Fleet Beacon  
  178  15:55  Zealot x3  
  184  16:23  Zealot x2  
  188  16:28  Probe  
  188  16:31  Tempest x2  
  188  16:32  Zealot x5  
  199  16:33  Mothership  
  199  16:38  Assimilator  
  189  17:00  Probe  
  190  17:08  Dark Shrine, Zealot x5  
  200  17:18  Tempest  
  190  17:28  Tempest  
  190  17:29  Probe  
  189  17:32  Zealot x7  
  187  17:41  Probe  
  187  17:42  High Templar x2  
  192  17:48  Assimilator, Protoss Air Weapons Level 2  
  192  17:54  Tempest  
  192  17:57  Archon  
  178  17:58  Stalker, High Templar  
  178  17:59  High Templar  
  187  18:13  Tempest  
  187  18:21  Probe  
  187  18:25  Probe  
  190  18:48  Tempest  
  174  18:56  Tempest  
  140  19:08  Mothership  
  137  19:10  Probe  
  137  19:14  Probe  
  137  19:15  Probe  
  132  19:18  Dark Templar x2  
  132  19:19  Zealot x8  
  160  19:33  Observer  
  161  19:43  Nexus  
  161  19:45  Pylon  
  161  19:47  Zealot  
  161  19:51  Carrier  
  163  19:54  Carrier  
  169  20:04  Dark Templar  
  170  20:44  Assimilator  
  170  20:53  Carrier  
  150  21:04  Tempest  
  121  21:22  Shield Battery  
  108  21:40  Nexus  
  108  21:43  Assimilator  
  95  22:11  Stalker x8  
  107  22:25  Archon  
  71  22:59  Stalker x6  
  77  23:08  Pylon  
  77  23:14  Probe  
  77  23:16  Zealot x2  
  82  23:22  Probe  
  82  23:23  Dark Templar  
  85  23:29  Assimilator  
  85  23:32  Probe  
  83  23:52  Assimilator  
  83  23:53  Zealot x3  
  82  24:20  Observer  
  83  24:29  Zealot x7  
  95  24:36  Dark Templar  
  97  24:39  Nexus  
  96  25:21  Observer  
  97  25:33  Probe  
  97  25:38  Carrier  
  97  25:40  Pylon  
  97  25:42  Carrier  
  93  25:48  Nexus  
  95  26:03  Photon Cannon  
  95  26:04  Photon Cannon, Shield Battery  
  83  26:20  Stalker x2  
  82  26:38  Assimilator x2  
  82  26:41  Zealot x6  
  82  26:45  High Templar  
  80  27:15  Probe  
  80  27:18  High Templar  
  79  27:23  Probe  
  79  27:29  High Templar  
  79  27:41  High Templar  
  79  27:43  Shield Battery  
  81  27:53  Zealot x6  
  92  28:02  Mothership  
  92  28:14  Pylon  
  96  28:30  Carrier  
  88  28:38  Zealot x6  
  100  28:42  Pylon  
  106  29:00  Carrier  
  111  29:21  Zealot x3  
  117  29:43  Void Ray  
  117  29:59  Void Ray  
  116  30:07  Pylon  
  116  30:08  Probe  
  116  30:11  Probe  
  116  30:12  Pylon  
Tags
 
Add a new tag
Caveats
  • Supply blocks, unpowered buildings, or Contaminate may cause inaccurate times.
  • Supply counts are checked every 10 seconds.